Map: Vigía EE

Players

MrFercho - Winner!

  • Race: Zerg Zerg
  • League: Silver
  • Spawn Location: 12:00

tigro - Winner!

  • Race: Terran Terran
  • League: Bronze
  • Spawn Location: 9:00

TATORREA - Winner!

  • Race: Protoss Protoss
  • League: Gold
  • Spawn Location: 9:00

DildoBaggins

  • Race: Protoss Protoss
  • Spawn Location: 5:00

Nomo

  • Race: Protoss Protoss
  • Spawn Location: 6:00

Grimper

  • Race: Terran Terran
  • Spawn Location: 5:00

VOD

Have the link to the VOD?

Description

Time

  • Played on: July 6, 2020, 8:19 p.m.
  • Length: 16:29
Show
View Real Time Build Order
Export as new Build Order

MrFercho Zerg - Winner!

Build Orders: Hatch First 

Get SALT Encoding   

  12  0:01  Drone  
  13  0:14  Overlord  
  13  0:18  Drone  
  14  0:33  Drone x2  
  16  0:47  Drone  
  16  0:48  Drone  
  18  1:08  Hatchery  
  17  1:12  Spawning Pool  
  17  1:14  Drone  
  17  1:20  Drone  
  17  1:21  Drone  
  19  1:28  Extractor  
  19  1:30  Drone  
  19  1:45  Drone  
  20  1:59  Drone  
  21  2:02  Drone  
  22  2:15  Overlord  
  22  2:19  Queen  
  22  2:20  Drone  
  25  2:24  Drone  
  25  2:25  Queen  
  28  2:31  Overlord  
  28  2:34  Drone  
  29  2:43  Spine Crawler  
  28  2:51  Spine Crawler  
  27  2:53  Spine Crawler  
  27  2:56  Drone  
  27  2:57  Drone x3  
  30  3:11  Lair  
  30  3:20  Drone  
  30  3:23  Drone x3  
  34  3:39  Drone x6  
  34  3:41  Overlord x3  
  40  3:48  Roach Warren, Drone  
  41  3:49  Drone  
  41  3:54  Extractor  
  41  3:55  Drone  
  41  3:57  Extractor  
  40  4:06  Drone x2  
  42  4:16  Drone x2  
  42  4:17  Evolution Chamber  
  43  4:35  Drone  
  43  4:36  Drone  
  45  4:38  Glial Reconstitution  
  45  4:43  Drone x2  
  45  4:44  Zerg Missile Weapons Level 1  
  47  4:49  Evolution Chamber  
  46  4:53  Queen  
  46  4:57  Roach x8  
  64  5:14  Spore Crawler  
  62  5:15  Hatchery, Spore Crawler  
  59  5:22  Spore Crawler  
  59  5:24  Spore Crawler  
  53  5:31  Drone x4  
  53  5:34  Drone x2  
  56  5:54  Metabolic Boost  
  56  5:58  Roach x5  
  56  5:59  Roach  
  68  6:06  Overlord x3  
  68  6:10  Zerg Ground Armor Level 1  
  64  6:39  Roach x6  
  68  6:42  Tunneling Claws  
  64  6:48  Zerg Missile Weapons Level 2  
  64  6:49  Hydralisk Den  
  64  6:53  Drone x3  
  64  6:54  Drone  
  67  7:08  Drone x3  
  67  7:09  Drone x3  
  73  7:26  Muscular Augments  
  73  7:54  Burrow  
  73  8:08  Overlord x2  
  73  8:09  Overlord x5  
  73  8:11  Drone x3  
  73  8:12  Drone x10  
  86  8:19  Extractor  
  85  8:21  Extractor  
  84  8:36  Pneumatized Carapace  
  84  8:37  Grooved Spines  
  84  8:41  Drone x5  
  87  8:43  Drone  
  90  8:49  Hydralisk  
  90  8:50  Hydralisk x6  
  104  9:00  Extractor  
  104  9:02  Infestation Pit  
  102  9:15  Drone  
  102  9:16  Drone x3  
  106  9:20  Roach x12  
  106  9:24  Drone  
  106  9:25  Drone x3  
  106  9:26  Drone  
  109  10:00  Hydralisk  
  109  10:01  Hydralisk x16  
  143  10:23  Hive  
  143  10:29  Hatchery x2  
  143  10:33  Overlord x4  
  143  10:34  Overlord x2  
  141  10:37  Zergling x10  
  146  10:54  Baneling Nest  
  145  11:05  Hydralisk  
  145  11:06  Hydralisk x7  
  161  11:16  Zerg Ground Armor Level 2  
  161  11:36  Hydralisk x7  
  161  11:37  Hatchery, Hydralisk x5  
  161  11:38  Hydralisk  
  186  11:44  Extractor x2  
  184  11:56  Roach x11  
  170  12:07  Drone  
  170  12:08  Drone x14  
  130  12:28  Hydralisk x6  
  142  12:51  Roach x11  
  126  13:35  Hydralisk x6  
  126  13:36  Hydralisk x16  
  170  13:49  Drone  
  170  13:50  Drone x10  
  181  13:57  Spore Crawler  
  181  13:58  Spore Crawler x2  
  181  14:00  Spore Crawler  
  177  14:10  Spire  
  176  14:19  Spire  
  176  14:20  Hydralisk  
  176  14:21  Hydralisk x11  
  199  15:07  Hatchery  
  198  15:08  Extractor  
  198  15:10  Extractor  
  150  15:38  Hydralisk  
  150  15:39  Hydralisk x21  
  172  15:55  Roach x10  
Show
View Real Time Build Order
Export as new Build Order

tigro Terran - Winner!

Build Orders:  

Get SALT Encoding   

  12  0:01  SCV  
  13  0:14  SCV  
  14  0:26  SCV  
  15  0:28  Supply Depot  
  15  0:35  Refinery  
  15  0:50  SCV  
  16  0:59  Barracks  
  16  1:02  Refinery, SCV  
  17  1:14  SCV  
  18  1:26  SCV  
  18  1:28  Supply Depot  
  19  1:38  SCV  
  20  1:50  SCV  
  20  1:52  Marine  
  22  2:02  SCV  
  23  2:09  Barracks  
  23  2:10  Marine  
  23  2:15  SCV  
  25  2:23  Engineering Bay  
  25  2:28  Marine  
  26  2:41  Orbital Command  
  26  2:46  Marine  
  27  2:59  Barracks Reactor  
  27  3:00  Factory  
  27  3:04  Marine  
  28  3:24  Barracks Tech Lab  
  28  3:29  Terran Infantry Weapons Level 1  
  28  3:43  Factory Tech Lab  
  28  3:54  Starport  
  28  3:56  Combat Shield  
  28  4:20  Siege Tank  
  28  4:23  Marine x2  
  33  4:31  Command Center  
  33  4:32  Starport  
  33  4:39  Medivac  
  35  5:13  Marine x3  
  38  5:15  Stimpack  
  38  5:23  Terran Infantry Armor Level 1  
  38  5:31  Marine x3  
  41  5:45  Refinery  
  41  5:49  Marine x3  
  44  6:03  SCV  
  45  6:07  Marine x3, Starport Tech Lab  
  45  6:08  Starport Tech Lab  
  48  6:15  SCV  
  49  6:20  Fusion Core  
  49  6:24  Marine  
  49  6:25  Marine x2  
  52  6:27  SCV  
  52  6:31  Refinery  
  53  6:39  SCV  
  54  6:43  Marine  
  55  6:51  SCV  
  56  6:59  Siege Tank  
  59  7:09  Armory, Weapon Refit  
  59  7:17  Hi-Sec Auto Tracking  
  59  7:47  Supply Depot  
  59  7:50  SCV  
  60  8:00  Missile Turret  
  60  8:02  SCV  
  61  8:08  Battlecruiser  
  61  8:09  Supply Depot  
  67  8:14  SCV, Neosteel Armor  
  68  8:22  Missile Turret  
  68  8:26  SCV, Siege Tank  
  72  8:31  Supply Depot  
  72  8:38  SCV  
  73  8:49  Rapid Reignition System  
  73  8:50  SCV  
  73  8:53  Marine  
  73  8:54  Marine x2  
  77  8:57  Missile Turret  
  78  9:11  Marine  
  78  9:15  Planetary Fortress  
  78  9:18  Missile Turret  
  78  9:24  Thor  
  84  9:53  Marine x3  
  84  9:54  Terran Infantry Weapons Level 2  
  87  10:01  SCV  
  88  10:11  Marine x3  
  88  10:13  SCV  
  92  10:25  SCV  
  93  10:29  Marine  
  94  10:40  Marine x2  
  94  10:41  SCV  
  97  10:46  Marine  
  97  10:48  Command Center  
  98  10:53  SCV  
  99  10:58  Marine x2  
  101  11:16  Marine  
  102  11:21  Missile Turret  
  102  11:47  Missile Turret  
  102  11:48  Marine x3  
  105  12:00  Medivac  
  107  12:01  Medivac  
  107  12:06  Marine x3  
  107  12:07  Missile Turret  
  112  12:09  Terran Infantry Armor Level 2  
  112  12:16  Terran Vehicle Weapons Level 1  
  112  12:24  Marine x3  
  115  12:30  Missile Turret  
  115  12:41  Marine  
  115  12:42  Marine x2  
  114  12:58  Missile Turret  
  114  13:00  Marine  
  54  13:34  Refinery, SCV  
  55  13:37  Medivac  
  55  13:38  Medivac  
  59  13:46  SCV  
  60  13:58  SCV  
  60  14:00  Refinery  
  61  14:08  Battlecruiser x2  
  73  14:10  SCV  
  73  14:11  Terran Vehicle And Ship Armor Level 1  
  74  14:19  Missile Turret  
  74  14:22  SCV  
  75  14:40  Missile Turret  
  75  14:43  Marine x3  
  78  15:01  Marine x3  
  78  15:05  Missile Turret  
  81  15:12  Battlecruiser x2  
  93  15:19  Marine x3  
  96  15:26  Missile Turret  
  96  15:36  Marine  
  96  15:37  Marine x2  
  99  15:48  Missile Turret  
  99  15:54  Marine x3  
  102  16:09  Missile Turret  
Show
View Real Time Build Order
Export as new Build Order

TATORREA Protoss - Winner!

Build Orders:  

Get SALT Encoding   

  12  0:01  Probe  
  13  0:13  Probe  
  14  0:21  Pylon  
  14  0:25  Probe  
  15  0:42  Gateway, Probe  
  16  0:53  Probe  
  17  1:00  Assimilator  
  17  1:01  Probe  
  17  1:05  Pylon  
  17  1:09  Probe  
  19  1:19  Assimilator  
  19  1:20  Probe  
  20  1:31  Cybernetics Core  
  20  1:32  Probe  
  21  1:45  Probe  
  22  1:57  Probe  
  22  2:00  Nexus  
  23  2:07  Probe  
  23  2:11  Pylon  
  23  2:15  Probe  
  25  2:24  Probe  
  25  2:28  Stalker, Warp Gate  
  28  2:36  Probe  
  28  2:44  Probe  
  29  2:54  Probe  
  30  2:58  Robotics Facility  
  30  3:00  Gateway  
  30  3:03  Probe  
  30  3:09  Sentry  
  30  3:11  Probe x2  
  33  3:19  Probe x2  
  37  3:28  Probe  
  37  3:31  Probe  
  39  3:35  Stalker  
  39  3:40  Probe  
  42  3:43  Probe  
  42  3:48  Immortal  
  47  3:53  Probe  
  48  4:06  Nexus  
  48  4:09  Pylon  
  48  4:12  Probe x2  
  50  4:17  Assimilator  
  50  4:19  Assimilator  
  50  4:24  Probe x2  
  50  4:25  Stalker  
  50  4:29  Stalker  
  56  4:36  Probe x2  
  56  4:37  Observer  
  59  4:48  Probe x2  
  61  5:00  Probe  
  62  5:11  Pylon  
  62  5:15  Pylon  
  62  5:18  Probe x2  
  62  5:19  Forge x2  
  64  5:22  Probe  
  64  5:23  Forge  
  65  5:30  Probe x2  
  65  5:34  Probe  
  68  5:43  Probe x2  
  68  5:46  Probe  
  71  5:55  Probe x2  
  71  6:16  Probe x3  
  74  6:28  Probe x2  
  74  6:29  Probe  
  77  6:38  Assimilator  
  77  6:42  Assimilator  
  77  6:51  Protoss Ground Armor Level 1, Protoss Ground Weapons Level 1, Protoss Shields Level 1  
  77  7:10  Nexus  
  77  7:11  Pylon  
  77  7:12  Probe x3  
  77  7:14  Pylon  
  80  7:16  Stalker  
  80  7:17  Stalker  
  80  7:18  Pylon  
  80  7:20  Immortal, Pylon  
  88  7:24  Probe x3  
  88  7:25  Pylon  
  91  7:34  Pylon  
  91  7:37  Pylon  
  91  7:41  Pylon  
  91  7:45  Twilight Council  
  91  7:46  Pylon  
  91  7:47  Gateway, Probe x3  
  91  7:50  Gateway  
  91  7:51  Stalker x2, Pylon  
  98  7:52  Gateway  
  98  7:55  Gateway  
  98  7:57  Gateway  
  98  7:59  Gateway, Probe x3  
  101  8:10  Pylon  
  101  8:14  Probe x3  
  101  8:15  Pylon  
  101  8:16  Gateway, Stalker x2  
  101  8:18  Gateway  
  108  8:20  Gateway  
  108  8:21  Gateway  
  108  8:23  Gateway  
  108  8:25  Gateway  
  108  8:28  Gateway, Photon Cannon  
  108  8:30  Gateway  
  108  8:32  Gateway, Photon Cannon  
  108  8:33  Photon Cannon  
  108  8:34  Photon Cannon  
  108  8:35  Photon Cannon  
  108  8:37  Assimilator, Photon Cannon  
  108  8:40  Assimilator  
  108  8:43  Photon Cannon  
  108  8:49  Stalker x3  
  108  8:50  Stalker x2  
  108  8:53  Immortal  
  118  8:58  Protoss Ground Armor Level 2, Protoss Ground Weapons Level 2  
  118  9:01  Protoss Shields Level 2  
  118  9:11  Blink  
  118  9:13  Stalker  
  118  9:14  Stalker x5  
  118  9:15  Stalker x3  
  136  9:32  Templar Archives  
  136  9:39  Immortal  
  140  10:00  Probe  
  141  10:09  Nexus  
  141  10:10  Pylon  
  141  10:12  Stalker  
  141  10:13  Stalker x5, Pylon  
  141  10:14  Stalker x4  
  155  10:17  Assimilator  
  161  10:21  Assimilator  
  161  10:25  High Templar x4  
  161  10:26  High Templar x3  
  175  10:31  Archon  
  175  10:32  Archon x2  
  175  10:37  High Templar x2  
  175  10:38  High Templar x4  
  175  10:39  High Templar x3  
  175  10:40  High Templar  
  195  10:44  Archon x3  
  195  10:45  Archon x2  
  195  10:54  Observer  
  196  11:16  Probe  
  197  11:19  Stalker  
  147  11:52  Protoss Ground Weapons Level 3, Protoss Shields Level 3, Protoss Ground Armor Level 3  
  82  12:04  Stalker  
  82  12:05  Stalker x5  
  82  12:06  Stalker x3  
  82  12:07  Stalker x5  
  82  12:08  Stalker x2  
  112  12:09  Stalker  
  116  12:41  Gateway, Psionic Storm  
  116  12:42  Gateway  
  116  12:44  Gateway  
  116  12:45  Stalker  
  116  12:46  Stalker x2  
  116  12:47  Stalker  
  116  12:48  Stalker x3, Gateway  
  116  12:49  Stalker x3  
  116  12:50  Gateway, Stalker  
  138  12:55  Gateway  
  132  13:18  Probe x3  
  132  13:19  Probe  
  136  13:27  Stalker x3  
  136  13:28  Stalker x5  
  152  13:38  Gateway x2  
  152  13:49  Pylon  
  152  13:52  Gateway  
  152  13:53  Pylon  
  152  13:57  Pylon  
  152  13:58  Gateway  
  152  14:00  Gateway  
  152  14:01  Stalker  
  152  14:02  Stalker x5, Pylon, Gateway  
  162  14:03  Stalker x4  
  162  14:04  Stalker x2  
  162  14:05  Stalker  
  162  14:06  Stalker, Gateway x2  
  162  14:08  Gateway  
  162  14:09  Gateway  
  180  14:11  Gateway, Charge  
  144  14:59  Stalker  
  146  15:00  Stalker x4  
  146  15:01  Stalker x4  
  146  15:02  Stalker x4  
  146  15:03  High Templar  
  146  15:04  High Templar x5  
  146  15:05  High Templar  
  184  15:08  Archon  
  184  15:09  Archon x2  
  184  15:54  Gateway x2  
  184  15:56  Gateway  
  172  15:59  Gateway x2  
  172  16:04  Gateway  
Show
View Real Time Build Order
Export as new Build Order

DildoBaggins Protoss 

Build Orders: 1 Gate Expand, Oracle Opening 

Get SALT Encoding   

  12  0:02  Probe  
  13  0:15  Probe  
  13  0:19  Pylon  
  14  0:34  Probe  
  15  0:40  Gateway  
  15  0:44  Assimilator  
  15  0:57  Probe  
  16  1:05  Probe  
  17  1:14  Probe  
  18  1:27  Probe  
  18  1:32  Nexus  
  19  1:57  Cybernetics Core  
  19  2:42  Stargate  
  19  2:50  Probe  
  19  2:51  Probe  
  21  2:58  Probe  
  21  2:59  Probe  
  21  3:00  Warp Gate  
  23  3:07  Probe  
  23  3:08  Probe  
  23  3:10  Assimilator  
  25  3:19  Probe  
  26  3:20  Probe  
  27  3:31  Probe  
  27  3:32  Probe  
  29  3:40  Oracle  
  32  3:47  Probe x2  
  32  3:51  Assimilator  
  32  3:55  Assimilator, Probe x2  
  36  4:04  Probe  
  36  4:05  Probe  
  38  4:47  Gateway  
  38  4:49  Gateway  
  38  4:51  Gateway x2  
  38  4:56  Pylon  
  38  5:00  Pylon  
  38  5:03  Pylon  
  38  5:14  Probe x2  
  40  5:26  Probe x2  
  39  5:47  Probe  
  40  6:11  Stargate  
  40  6:12  Stargate  
  40  6:16  Stargate  
  40  6:17  Stargate  
  40  6:18  Stargate  
  40  6:19  Stargate  
  40  6:20  Stargate  
  40  6:23  Zealot x2  
  40  6:24  Zealot x3  
  40  6:46  Cybernetics Core  
  40  6:49  Probe  
  40  6:50  Probe  
  42  6:56  Protoss Air Weapons Level 1  
  42  6:59  Pylon  
  42  7:02  Probe x2  
  42  7:06  Pylon  
  44  7:10  Pylon  
  44  7:12  Void Ray  
  44  7:13  Void Ray x3  
  44  7:14  Probe x2  
  62  7:17  Void Ray x2  
  70  7:23  Pylon  
  70  7:26  Probe  
  70  7:28  Void Ray  
  75  7:35  Cybernetics Core  
  75  7:38  Forge  
  75  7:52  Pylon  
  75  7:53  Pylon  
  75  7:55  Pylon  
  75  7:58  Pylon  
  75  8:20  Void Ray  
  75  8:21  Void Ray  
  83  8:28  Nexus  
  83  9:04  Void Ray  
  83  9:05  Void Ray x4  
  103  9:19  Assimilator  
  103  9:22  Assimilator  
  103  9:30  Void Ray x2  
  111  9:40  Pylon x2  
  111  9:42  Pylon  
  110  10:11  Photon Cannon  
  110  10:14  Photon Cannon  
  110  10:20  Robotics Facility  
  110  10:25  Protoss Shields Level 1  
  110  10:34  Void Ray  
  110  10:35  Fleet Beacon  
  114  10:38  Protoss Air Armor Level 1  
  114  11:03  Void Ray x2  
  98  12:28  Void Ray  
  98  12:29  Void Ray x6  
  52  14:12  Void Ray  
  52  14:21  Pylon  
  52  14:23  Void Ray  
  52  14:24  Void Ray x6  
  64  14:25  Pylon  
  80  15:06  Void Ray  
  84  15:17  Void Ray  
  84  15:18  Void Ray x3  
Show
View Real Time Build Order
Export as new Build Order

Nomo Protoss 

Build Orders:  

Get SALT Encoding   

  12  0:03  Probe  
  13  0:17  Probe  
  14  0:29  Probe  
  15  0:43  Pylon  
  15  0:50  Pylon  
  15  0:57  Probe  
  15  1:02  Pylon  
  16  1:08  Probe  
  17  1:20  Probe  
  17  1:21  Forge  
  19  1:32  Probe  
  19  1:33  Assimilator  
  19  1:59  Photon Cannon  
  19  2:05  Gateway  
  19  2:10  Photon Cannon  
  19  2:47  Probe  
  20  2:55  Zealot  
  22  3:13  Cybernetics Core  
  22  3:19  Pylon  
  22  3:22  Assimilator, Zealot  
  22  3:23  Probe  
  25  3:35  Probe  
  26  3:48  Probe  
  27  3:49  Zealot  
  29  4:11  Pylon  
  29  4:16  Zealot  
  31  4:19  Nexus  
  31  4:22  Pylon  
  31  4:43  Zealot  
  31  4:44  Stargate  
  33  4:46  Stargate  
  33  4:48  Stargate  
  33  5:23  Protoss Shields Level 1  
  33  5:38  Probe  
  33  5:42  Protoss Air Weapons Level 1  
  34  5:47  Probe  
  34  5:48  Assimilator  
  34  5:54  Assimilator  
  34  5:56  Probe  
  34  5:57  Void Ray x2  
  40  6:08  Probe  
  45  6:20  Probe  
  44  6:50  Void Ray  
  48  6:54  Probe  
  49  7:06  Probe  
  50  7:18  Probe  
  51  7:30  Probe  
  51  7:32  Void Ray x2  
  51  7:37  Fleet Beacon  
  52  7:42  Probe  
  61  7:54  Probe  
  62  8:03  Void Ray  
  62  8:04  Protoss Air Armor Level 1  
  66  8:07  Probe  
  67  8:19  Probe  
  68  8:20  Pylon  
  68  8:22  Pylon  
  68  8:25  Pylon  
  68  8:30  Void Ray x2  
  68  8:31  Probe  
  77  9:10  Void Ray  
  77  9:12  Void Ray  
  77  9:13  Void Ray  
  89  9:23  Pylon  
  89  9:26  Pylon  
  89  10:00  Void Ray  
  89  10:01  Void Ray x2  
  101  10:12  Pylon  
  101  10:17  Pylon  
  101  10:32  Mothership  
  109  10:56  Void Ray x2  
  60  12:11  Void Ray x3  
  68  12:54  Void Ray x3  
  76  13:36  Void Ray  
  76  13:37  Void Ray x2  
  88  13:42  Nexus  
  88  14:19  Void Ray x2  
  88  14:20  Void Ray  
  68  14:59  Probe  
  69  15:01  Assimilator  
  69  15:09  Tempest  
  69  15:10  Tempest  
  69  15:11  Probe  
  76  15:23  Probe  
  69  15:35  Probe  
  70  15:47  Probe  
Show
View Real Time Build Order
Export as new Build Order

Grimper Terran 

Build Orders: 1/1/1 

Get SALT Encoding   

  12  0:01  SCV  
  13  0:17  Supply Depot  
  13  0:21  Refinery  
  13  0:25  SCV  
  14  0:37  SCV  
  15  0:46  Barracks  
  15  0:49  SCV  
  16  1:01  SCV  
  16  1:02  Refinery  
  17  1:13  SCV  
  18  1:35  Factory  
  18  1:37  Reaper  
  19  1:42  SCV  
  20  1:54  SCV  
  21  2:06  SCV  
  22  2:22  Starport  
  22  2:34  Starport  
  22  2:38  SCV  
  23  2:57  Supply Depot  
  23  3:01  Supply Depot  
  23  3:03  Starport Tech Lab  
  23  3:13  Fusion Core, Starport Tech Lab  
  23  3:19  SCV  
  24  3:22  Supply Depot  
  24  3:25  Supply Depot  
  25  3:43  Orbital Command  
  24  4:00  Battlecruiser  
  30  4:07  Supply Depot  
  30  4:44  Command Center  
  30  4:55  Battlecruiser  
  36  6:12  SCV  
  36  6:17  Battlecruiser  
  43  6:18  Refinery  
  43  6:24  SCV  
  38  6:36  SCV  
  39  6:48  SCV  
  40  7:01  SCV  
  41  7:12  Battlecruiser  
  47  7:25  Refinery  
  47  7:36  Armory  
  47  7:56  Battlecruiser  
  53  8:13  SCV  
  54  8:25  SCV  
  54  8:26  Battlecruiser  
  61  8:30  Starport  
  61  8:38  Supply Depot  
  61  8:43  Supply Depot  
  61  8:44  Terran Ship Weapons Level 1  
  61  9:06  Battlecruiser  
  61  9:08  Starport Tech Lab  
  67  9:41  Command Center  
  67  10:14  Battlecruiser  
  67  10:15  Battlecruiser  
  79  10:21  Weapon Refit  
  79  10:36  Supply Depot  
  79  10:47  Refinery  
  79  10:50  Refinery  
  79  10:58  SCV  
  80  11:05  Battlecruiser  
  80  11:11  SCV  
  87  11:14  Terran Vehicle And Ship Armor Level 1  
  87  11:23  SCV  
  87  11:25  Armory  
  75  12:16  Battlecruiser x2  
  75  12:17  Battlecruiser  
  85  12:39  SCV  
  85  12:43  SCV  
  87  12:51  SCV  
  88  12:55  SCV  
  88  13:03  SCV  
  77  13:07  SCV  
  67  13:19  SCV  
  62  13:37  Battlecruiser  
  68  13:42  SCV  
  69  13:54  SCV  
  70  14:06  SCV  
  71  14:25  Refinery  
  71  14:30  Refinery  
  40  15:06  SCV  
  41  15:18  SCV  
  41  15:19  Battlecruiser x3  
  60  15:30  SCV  
Tags
 
Add a new tag
Caveats
  • Supply blocks, unpowered buildings, or Contaminate may cause inaccurate times.
  • Supply counts are checked every 10 seconds.